 Dungeon Crawl Stone Soup version 0.30-a0-860-g512cf1e979 (webtiles) character file.

Game seed: 5162542772819786761

5752 zenocrate the Martial Artist (level 10, 0/69 HPs)
             Began as an Octopode Transmuter on Mar 7, 2023.
             Was an Initiate of Gozag.
             Slain by a manticore (9 damage)
             ... on level 8 of the Dungeon.
             The game lasted 00:09:19 (9153 turns).

zenocrate the Martial Artist (Octopode Transmuter)  Turns: 9153, Time: 00:09:20

Health: 0/69       AC:  9    Str:  8    XL:     10   Next: 77%
Magic:  0/13       EV: 10    Int: 24    God:    Gozag
Gold:   752        SH:  0    Dex: 18    Spells: 3/13 levels left

rFire   x . .      SeeInvis +      - Unarmed
rCold   + + +      Faith    .    j - melded +0 buckler
rNeg    + + .      Spirit   +    (helmet currently unavailable)
rPois   +          Reflect  .    u - amulet of guardian spirit
rElec   .          Rampage  .    h - ring of see invisible
rCorr   .                        q - ring of wizardry
Will    .....                    m - ring "Mudut" {rN++ Dex+6}
Stlth   ++                       (no ring)
HPRegen 0.31/turn                (no ring)
MPRegen 0.13/turn                (no ring)
                                 (no ring)
                                 (no ring)

@: ice-form, wereblooded
A: freezing attack, boosted hp, almost no armour, amphibious, 8 rings, large,
(camouflage 1), (gelatinous body 1), (nimble swimmer 1), (tentacles), clever 1
a: End Transformation, Renounce Religion, Potion Petition, Call Merchant, Bribe
Branch


You were on level 8 of the Dungeon.
You worshipped Gozag.
Gozag was pleased with you.
You were a creature of crystalline ice.
You visited 2 branches of the dungeon, and saw 9 of its levels.

You collected 868 gold pieces.
You paid 116 gold pieces to Gozag.

Inventory:

Missiles
 y - a throwing net
Armour
 d - a +0 kite shield
 j - a +0 buckler (melded)
Jewellery
 h - a ring of see invisible (left front paw)
 m - the ring "Mudut" (on tentacle) {rN++ Dex+6}
   (You found it on level 3 of the Dungeon)

   [ring of dexterity]

   Dex:       It affects your dexterity (+6).
   rN:        It greatly protects you from negative energy.
 q - a ring of wizardry (right front paw)
 r - a ring of ice
 u - an amulet of guardian spirit (around neck)
 D - an amulet of regeneration
Wands
 w - a wand of roots (10)
 C - a wand of flame (20)
Scrolls
 a - a scroll of noise {unknown}
 e - 2 scrolls of silence
 f - a scroll of fear {unknown}
 g - a scroll of enchant weapon {unknown}
 l - a scroll of teleportation {unknown}
 n - 3 scrolls of immolation
 o - 2 scrolls of blinking
 p - 2 scrolls of magic mapping
 t - 2 scrolls of amnesia {unknown}
 v - 2 scrolls of fog {unknown}
 x - a scroll of enchant armour {unknown}
 E - 3 scrolls of identify
Potions
 b - 3 potions of curing
 c - 3 potions of might
 i - a potion of heal wounds
 k - 5 potions of flight
 z - 3 potions of brilliance
 A - a potion of mutation
 B - a potion of invisibility


   Skills:
 - Level 1.0 Fighting
 - Level 2.0 Dodging
 - Level 1.2 Stealth
 - Level 5.2 Shields
 + Level 10.4 Unarmed Combat
 - Level 2.0 Spellcasting
 + Level 10.1 Transmutations
 - Level 4.6 Ice Magic


You had 3 spell levels left.
You knew the following spells:

 Your Spells              Type           Power      Damage    Failure   Level
a - Ice Form              Ice/Tmut       37%        N/A       2%          4
b - Wereblood             Tmut           50%        N/A       1%          2
c - Beastly Appendage     Tmut           100%       N/A       1%          1
d - Swiftness             Air            2%         N/A       14%         3

Your spell library contained the following spells:

 Spells                   Type           Power      Damage    Failure   Level
 Spider Form              Tmut/Pois      26%        N/A       1%          3
 Necrotise                Necr           8%         1d4       4%          1
 Shock                    Conj/Air       8%         1d3       4%          1
 Summon Small Mammal      Summ           8%         N/A       4%          1
 Call Canine Familiar     Summ           2%         N/A       14%         3
 Summon Guardian Golem    Hex/Summ       2%         N/A       14%         3
 Vampiric Draining        Necr           2%         2d6       14%         3
 Airstrike                Air            1%         2d(1-17)  41%         4
 Agony                    Necr           2%         N/A       75%         5


Dungeon Overview and Level Annotations

Branches:
Dungeon (8/15)             Temple (1/1) D:5
   Lair: D:8-11

Altars:
Ashenzari
Dithmenos
Elyvilon
Fedhas
Gozag
Hepliaklqana
Kikubaaqudgha
Nemelex Xobeh
Okawaru
Qazlal
Ru
Sif Muna
Uskayaw
Vehumet
Wu Jian
Xom
Yredelemnul
The Shining One


Innate Abilities, Weirdness & Mutations

You are a creature of crystalline ice.
You have a powerful freezing melee attack.
Your maximum health is increased.
Your armour is entirely melded.
You are incapable of wielding weapons or throwing items.
You cannot wear most types of armour.
You are amphibious.
You can wear up to eight rings at the same time.
((Your skin changes colour to match your surroundings (Stealth+).))
((Your rubbery body absorbs attacks. (AC +1, EV +1)))
((You are camouflaged when in or above water. (Stealth+)))
((You have tentacles for arms and can constrict up to eight enemies at once.))
Your mind is acute. (Int +4, Str/Dex -1)


Message History

The manticore closely misses you. The manticore claws you. x2
* * * LOW HITPOINT WARNING * * *
You hit the manticore but do no damage.
The manticore is moderately wounded.
The manticore bites you!
* * * LOW HITPOINT WARNING * * *
The manticore claws you but does no damage.
The manticore claws you.
* * * LOW HITPOINT WARNING * * *
You feel much better. The manticore bites you. The manticore claws you!
The manticore claws you but does no damage.
Aiming: Fastroot
Press: ? - help, Shift-Dir - straight line, f - manticore
Aim: a manticore (moderately wounded)
The roots erupt in riotous growth!
Roots grab the manticore.
The grasping roots constrict the manticore.
You hear a loud, deep croak!
The manticore closely misses you. The manticore claws you!
The manticore claws you but does no damage.
You punch the manticore! You freeze the manticore.
The manticore is severely wounded.
The grasping roots constrict the manticore.
The roots release their grip on the manticore.
You completely miss the manticore.
The manticore is almost dead.
The manticore bites you but does no damage.
The manticore claws you.
* * * LOW HITPOINT WARNING * * *
The manticore claws you.
* * * LOW HITPOINT WARNING * * *
You hit the manticore. You freeze the manticore.
The manticore is almost dead.
A slime creature comes into view.
The manticore bites you but does no damage.
The manticore claws you!
* * * LOW HITPOINT WARNING * * *
The manticore claws you!
You die...
Your body crumbles into a pile of gold.

#...#...##.#........
#$#.#...##.###.#...#
#...#...##.....+...'
#)#.#..<######.#...#
#...# .........
###.# ###.#.##.
#...# .....##. #$#.#
.#....##. #..Y# #
#....##. #.#H'J..#
#....#.. #...#......
... #.. #)#.#.#####
#.. #...# . #.. #
#.# .# #.. ..# # #..
#.# #.. #..


You could see a slime creature and a manticore.

Vanquished Creatures
  A two-headed ogre (D:6)
  Pikel (D:4)
  Grinder (D:4)
  A wind drake (shapeshifter) (D:8)
  2 wyverns (D:7)
  Edmund (D:4)
  An acid dragon (D:8)
  4 water moccasins
  An orc warrior (D:8)
  4 sky beasts
  An ice beast (D:7)
  A black bear (D:4)
  4 centaurs
  An ogre (D:5)
  2 lemures (D:4)
  A bullfrog (D:8)
  2 gnoll sergeants
  3 scorpions
  10 wights
  5 killer bees (D:7)
  4 howler monkeys
  2 orc priests (D:8)
  A jelly (D:7)
  Crazy Yiuf (D:4)
  A gnoll bouda (D:8)
  3 hounds
  A sleepcap (D:4)
  7 iguanas
  11 orc wizards
  7 adders
  17 gnolls
  A shadow imp (D:6)
  An ufetubus (D:7)
  3 dart slugs
  39 orcs
  4 ball pythons
  6 bats
  6 endoplasms
  3 giant cockroaches
  5 goblins
  7 hobgoblins
  2 quokkas
  2 frilled lizards
  5 kobolds
  5 rats
191 creatures vanquished.

Vanquished Creatures (others)
  2 fungi (D:3)
  4 toadstools (D:3)
6 creatures vanquished.

Grand Total: 197 creatures vanquished

Notes
Turn   | Place    | Note
-------+----------+-------------------------------------------
     0 | D:1      | zenocrate the Octopode Transmuter began the quest for the
                  | Orb.
     0 | D:1      | Reached XP level 1. HP: 13/13 MP: 3/3
   114 | D:1      | Reached skill level 1 in Stealth
   131 | D:1      | Reached XP level 2. HP: 18/18 MP: 5/5
   134 | D:1      | Learned a level 2 spell: Wereblood
   246 | D:1      | Found a faded altar of an unknown god.
   838 | D:1      | Reached XP level 3. HP: 19/23 MP: 6/6
  1188 | D:2      | Found a glowing golden altar of the Shining One.
  2256 | D:3      | Reached skill level 1 in Shields
  2284 | D:3      | Identified the ring "Mudut" {rN++ Dex+6}
  2403 | D:3      | Found an iron altar of Okawaru.
  2403 | D:3      | Found a shadowy altar of Dithmenos.
  2862 | D:4      | Noticed Edmund
  2904 | D:4      | Noticed a black bear
  2915 | D:4      | Killed a black bear
  2916 | D:4      | Reached XP level 4. HP: 18/28 MP: 4/7
  2916 | D:4      | Reached XP level 5. HP: 22/33 MP: 4/8
  2921 | D:4      | Learned a level 4 spell: Ice Form
  3066 | D:4      | Found a hazy altar of Hepliaklqana.
  3145 | D:4      | Noticed Grinder
  3147 | D:4      | Noticed a lemure
  3147 | D:4      | Noticed a lemure
  3147 | D:4      | Noticed a lemure
  3147 | D:4      | Noticed Pikel
  3165 | D:4      | Killed Grinder
  3166 | D:4      | Reached XP level 6. HP: 22/38 MP: 6/9
  3212 | D:4      | Killed Pikel
  3213 | D:4      | Reached skill level 5 in Unarmed Combat
  3213 | D:4      | Reached skill level 5 in Transmutations
  3213 | D:4      | Reached XP level 7. HP: 15/43 MP: 3/10
  3213 | D:4      | Reached XP level 8. HP: 17/48 MP: 3/11
  3632 | D:4      | Killed Edmund
  3729 | D:4      | Found a runed translucent door.
  3730 | D:4      | Noticed Crazy Yiuf
  4003 | D:4      | Killed Crazy Yiuf
  4106 | D:5      | Entered Level 5 of the Dungeon
  4170 | D:5      | Found an ornate altar of the Wu Jian Council.
  4590 | D:5      | Reached skill level 5 in Shields
  4962 | D:5      | Found a staircase to the Ecumenical Temple.
  4995 | Temple   | Entered the Ecumenical Temple
  5320 | D:5      | Found a shimmering blue altar of Sif Muna.
  5458 | D:5      | Found a stormy altar of Qazlal.
  5556 | D:6      | Reached XP level 9. HP: 53/53 MP: 4/12
  5656 | D:6      | HP: 1/63 [wight/+4 flail (9)]
  5669 | D:6      | HP: 1/62 [wight/+0 hand axe (6)]
  5872 | D:6      | Gained mutation: Your mind is acute. (Int +4, Str/Dex -1)
                  | [potion of mutation]
  5872 | D:6      | Gained mutation: You are frail. (-10% HP) [potion of
                  | mutation]
  5872 | D:6      | Gained mutation: Your flesh is heat resistant. (rF+)
                  | [potion of mutation]
  5873 | D:6      | Lost mutation: Your flesh is heat resistant. (rF+) [potion
                  | of mutation]
  5873 | D:6      | Lost mutation: You are frail. (-10% HP) [potion of
                  | mutation]
  5873 | D:6      | Lost mutation: Your mind is acute. (Int +4, Str/Dex -1)
                  | [potion of mutation]
  5873 | D:6      | Gained mutation: Your mind is acute. (Int +4, Str/Dex -1)
                  | [potion of mutation]
  6341 | D:6      | Noticed a two-headed ogre
  6355 | D:6      | Killed a two-headed ogre
  6477 | D:6      | Learned a level 3 spell: Swiftness
  6508 | D:7      | Reached XP level 10. HP: 55/58 MP: 5/13
  6853 | D:7      | Found an opulent altar of Gozag.
  7022 | D:7      | Became a worshipper of Gozag Ym Sagoz the Greedy
  8060 | D:8      | Found a glowing golden altar of the Shining One.
  8115 | D:8      | Identified the +5 dagger of the Magi {flame, rElec}
  8154 | D:8      | Reached skill level 10 in Unarmed Combat
  8605 | D:8      | Reached skill level 10 in Transmutations
  9143 | D:8      | Noticed a manticore
  9153 | D:8      | Slain by a manticore

Illustrated notes

Levels and vault maps discovered:
D:1:      psy_arrival_terrarium, layout_loops_corners, basic_ecumenical_altar
D:2:      layout_basic, basic_altar, minmay_pentomino_r2
D:3:      layout_basic, mainiacjoe_overflow_large_starburst,
          minmay_gold_behind_fungi
D:4:      layout_cave_pods, nicolae_hepliaklqana_hippocampus, uniq_edmund,
          uniq_crazy_yiuf_cottage, uniq_pikel, uniq_grinder
D:5:      layout_gridville, lemuel_tele_altar, overflow_temple_1_default,
          lemuel_blue_sif_altar, temple_hall
D:6:      layout_rooms
D:7:      layout_loops_ring, nicolae_gozag_seed_capital
D:8:      layout_basic, amcnicky_altar_gilded, serial_bayou_pond_d,
          hangedman_minor_gate_pass
Temple:   nicolae_temple_two_arcs

Skill      XL: |  1  2  3  4  5  6  7  8  9 10 |
---------------+-------------------------------+-----
Stealth        | 1 |  1.2
Shields        | 2 3 4 5 |  5.2
Unarmed Combat | 4 5 6 8 10 | 10.4
Transmutations | 3 4 5 6 8 10 | 10.1
Ice Magic      | 2 3 4 |  4.6
Fighting       | |  1.0
Dodging        | |  2.0
Spellcasting   | |  2.0

Action                     |  1- 3 |  4- 6 |  7- 9 | 10-12 || total
---------------------------+-------+-------+-------+-------++-------
  Melee: Unarmed           |    94 |    39 |   176 |   204 ||   513
         Constrict         |    22 |     3 |     9 |     9 ||    43
         Tentacles         |    18 |     2 |     7 |     9 ||    36
         Punch             |     4 |     1 |     2 |     4 ||    11
         Kick              |    10 |     4 |       |       ||    14
   Cast: Wereblood         |    10 |     5 |    13 |    12 ||    40
         Beastly Appendage |    10 |     5 |       |       ||    15
         Ice Form          |       |     1 |    18 |    13 ||    32
  Evoke: Wand              |       |       |     1 |     1 ||     2
    Use: Scroll            |     5 |       |     6 |     2 ||    13
         Potion            |       |     3 |     4 |     2 ||     9
   Stab: Sleeping          |    14 |       |     3 |     3 ||    20
 Armour: Skin              |     7 |     7 |    44 |    56 ||   114
  Dodge: Dodged            |    44 |    11 |    89 |   100 ||   244
  Block: Buckler           |     4 |     7 |     8 |    14 ||    33

Table legend: (Time is in decaauts)
 A = Elapsed time spent in this place.
 B = Non-inter-level travel time spent in this place.
 C = Inter-level travel time spent in this place.
 D = Time resting spent in this place.
 E = Time spent auto-exploring this place.
 F = Levels seen in this place.
 G = Mean time per level.
                   A        B        C        D        E       F      G
               +--------+--------+--------+--------+--------+-----+--------+
         Total |   9100 |   8678 |    422 |      4 |   7372 |   9 | 1011.1 |
       Dungeon |   8989 |   8581 |    408 |      4 |   7285 |   8 | 1123.6 |
        Temple |    110 |     96 |     14 |      0 |     87 |   1 |  110.0 |
               +--------+--------+--------+--------+--------+-----+--------+

Top non-repeatable levels by time:
     D:8: 1410 daAuts
     D:5: 1322 daAuts
     D:7: 1235 daAuts
     D:4: 1206 daAuts
     D:1: 1160 daAuts
     D:2: 963 daAuts
     D:6: 926 daAuts
     D:3: 766 daAuts
  Temple: 110 daAuts
